 Dungeon Crawl Stone Soup version 0.29-a0-39-g581ba40fa7 (webtiles) character file.

Game seed: 11999324390785482385

35 MacCMillion the Caller (level 3, 14/14 HPs)
             Began as a Felid Summoner on Feb 1, 2022.
             Quit the game on level 4 of the Dungeon.
             The game lasted 00:10:50 (4053 turns).

MacCMillion the Caller (Felid Summoner)             Turns: 4053, Time: 00:10:50

Health: 14/14      AC:  1    Str:  4    XL:     3   Next: 16%
Magic:  8/8        EV: 17    Int: 18    God:
Gold:   49         SH:  5    Dex: 16    Spells: 4/8 levels left
                                        Lives:  0   Deaths: 1

rFire   . . .      SeeInvis +   (weapon unavailable)
rCold   . . .      Faith    .   (shield unavailable)
rNeg    . . .      Spirit   .   (armour unavailable)
rPois   .          Reflect  +   (helmet unavailable)
rElec   .          Harm     .   (cloak unavailable)
rCorr   .          Rampage  .   (gloves unavailable)
Will    .....                   (boots unavailable)
Stlth   ++........              d - amulet of reflection
HPRegen 0.04/turn               (no ring)
MPRegen 0.11/turn               (no ring)

@: quick
A: very small, claws 1, fangs 3, see invisible, speed 1, shaggy fur 1, stealthy
paws, no weapons or thrown items, no armour, multi-lived
a: no special abilities


You were on level 4 of the Dungeon.
You visited 1 branch of the dungeon, and saw 4 of its levels.

You collected 49 gold pieces.

Inventory:

Jewellery
 d - an amulet of reflection (around neck)
Scrolls
 b - a scroll of teleportation {unknown}
 e - a scroll of immolation {unknown}
 g - a scroll of amnesia {unknown}
 i - a scroll of vulnerability {unknown}
 j - a scroll of magic mapping {unknown}
 k - a scroll of brand weapon {unknown}
 n - a scroll of identify {unknown}
Potions
 a - 2 potions of might {unknown}
 c - a potion of attraction {unknown}
 f - a potion of mutation {unknown}
 h - a potion of curing {unknown}
 l - a potion of resistance {unknown}
 m - a potion of brilliance {unknown}


   Skills:
 - Level 2.6 Dodging
 - Level 2.6 Stealth
 + Level 3.2 Spellcasting
 + Level 4.9 Summonings


You had 4 spell levels left.
You knew the following spells:

 Your Spells              Type           Power      Damage    Failure   Level
a - Summon Small Mammal   Summ           80%        N/A       1%          1
b - Call Canine Familiar  Summ           20%        N/A       6%          3

Your spell library contained the following spells:

 Spells                   Type           Power      Damage    Failure   Level
 Call Imp                 Summ           20%        N/A       3%          2
 Animate Skeleton         Necr           4%         N/A       16%         1
 Apportation              Tloc           4%         N/A       16%         1
 Pain                     Necr           8%         1d4       16%         1
 Summon Guardian Golem    Hex/Summ       11%        N/A       17%         3
 Summon Lightning Spire   Summ/Air       11%        N/A       50%         4
 Agony                    Necr           2%         N/A       99%         5
 Excruciating Wounds      Necr           Unusable   N/A       N/A         5

Dungeon Overview and Level Annotations

Branches:
Dungeon (4/15)
 Temple: D:4-7

Altars:
Xom

Shops:
D:2 [

Annotations:
D:2 exclusion: adder
D:3 2 runed translucent doors


Innate Abilities, Weirdness & Mutations

You have sharp claws.
You have razor-sharp teeth.
You have supernaturally acute eyesight. (SInv)
You cover ground quickly. (Speed+)
You are covered in fur. (AC +1)
Your paws help you pounce on unaware monsters.
You are incapable of wielding weapons or throwing items.
You cannot wear armour.
You gain extra lives every three experience levels.


Message History

Casting: Summon Small Mammal (safe; 1% risk of failure)
Confirm with . or Enter, or press ? or * to list all spells.
The endoplasm quivers.
Casting: Summon Small Mammal (safe; 1% risk of failure)
Confirm with . or Enter, or press ? or * to list all spells.
Found 21 arrows.
Your bat hits the iguana but does no damage.
The iguana hisses angrily.
Found a ring mail and a scroll labelled KUIRIUQIELI.
Found a stone staircase leading down.
Your bat hits the iguana but does no damage.
Your quokka misses the iguana.
Your bat hits the iguana but does no damage.
The iguana bites you.
A scorpion comes into view.
Your bat hits the iguana but does no damage.
Your quokka bites the iguana.
Your bat hits the iguana but does no damage.
Your bat hits the iguana but does no damage.
Your bat closely misses the iguana.
The iguana misses you.
Your quokka barely misses the iguana.
Your bat hits the iguana but does no damage.
Your quokka bites the iguana but does no damage.
You scratch the endoplasm but do no damage.
The endoplasm freezes you.
You are frozen.
Your quokka bites the iguana but does no damage.
The endoplasm freezes you.
You are frozen.
The iguana bites you!
* * * LOW HITPOINT WARNING * * *
Your bat hits the iguana but does no damage.
Your bat hits the iguana but does no damage.
The endoplasm freezes you.
You are frozen.
You die...
Your quokka barely misses the iguana.
You are now level 3!
You rejoin the land of the living...
Unknown command.
Are you sure you want to abandon this character and quit the game? (Confirm with "yes".)

# ####.###.#
#.@......#
#.....#####...
#..#### #


There were no monsters in sight!

Vanquished Creatures
  An adder (D:2)
  A bat (D:1)
2 creatures vanquished.

Vanquished Creatures (collateral kills)
  2 adders (D:3)
  A worm (D:2)
  2 dart slugs (D:1)
  4 bats
  6 endoplasms
  A giant cockroach (D:2)
  7 goblins
  5 hobgoblins
  2 ball pythons (D:2)
  4 frilled lizards
  4 kobolds
  3 rats
41 creatures vanquished.

Vanquished Creatures (others)
  3 fungi (D:1)
  2 plants (D:1)
  A withered plant (D:1)
6 creatures vanquished.

Grand Total: 49 creatures vanquished

Notes
Turn   | Place    | Note
-------+----------+-------------------------------------------
     0 | D:1      | MacCMillion the Felid Summoner began the quest for the Orb.
     0 | D:1      | Reached XP level 1. HP: 7/7 MP: 4/4
   543 | D:1      | Reached XP level 2. HP: 11/11 MP: 3/6
   618 | D:1      | Found a faded altar of an unknown god.
  1629 | D:2      | Reached XP level 3. HP: 14/14 MP: 5/8
  2496 | D:2      | Found Duatira's Antique Armour Emporium.
  2811 | D:2      | Learned a level 3 spell: Call Canine Familiar
  3380 | D:3      | Reached XP level 4. HP: 18/18 MP: 3/9
  3484 | D:3      | Found a large runed translucent door.
  3484 | D:3      | Found a large runed translucent door.
  3485 | D:3      | Found a shimmering altar of Xom.
  4046 | D:4      | Noticed a scorpion
  4052 | D:4      | Frozen to death by an endoplasm
  4053 | D:4      | Reached XP level 3. HP: -2/14 MP: 8/8
  4053 | D:4      | Quit the game

Illustrated notes

Levels and vault maps discovered:
D:1:      dpeg_chamrin_arrival_tetris, layout_loops_ring,
          shapermc_ecumenical_altar_gd, minmay_misc_feat_hallway
D:2:      layout_basic, serial_shops, nicolae_square_shop, serial_bayou_pond_e
D:3:      due_chaos_kobolds, layout_basic, minmay_misc_feat_doors,
          kennysheep_generic_room_13
D:4:      layout_rooms, mainiacjoe_overflow_surrounded_room, uniq_natasha,
          uniq_eustachio

Skill      XL: |  1  2  3 |
---------------+----------+-----
Spellcasting   | 3 |  3.2
Dodging        | |  2.6
Stealth        | |  2.6
Summonings     | |  4.9

Action                   |  1- 3 |  4- 6 || total
-------------------------+-------+-------++-------
Melee: Unarmed           |     7 |     2 ||     9
       Bite              |     1 |       ||     1
 Cast: Summon Small Mamm |    88 |     7 ||    95
       Call Canine Famil |     2 |     2 ||     4
  Use: Potion            |     1 |       ||     1
 Stab: Sleeping          |       |     1 ||     1
Armor: Skin              |     3 |       ||     3
Dodge: Dodged            |    19 |     2 ||    21
Block: Other             |    10 |       ||    10
       Reflection        |     1 |       ||     1

Table legend: (Time is in decaauts)
 A = Elapsed time spent in this place.
 B = Non-inter-level travel time spent in this place.
 C = Inter-level travel time spent in this place.
 D = Time resting spent in this place.
 E = Time spent auto-exploring this place.
 F = Levels seen in this place.
 G = Mean time per level.
                   A        B        C        D        E       F      G
               +--------+--------+--------+--------+--------+-----+--------+
         Total |   3488 |   3335 |    153 |    385 |   2185 |   4 |  872.0 |
       Dungeon |   3488 |   3335 |    153 |    385 |   2185 |   4 |  872.0 |
               +--------+--------+--------+--------+--------+-----+--------+

Top non-repeatable levels by time:
     D:1: 1301 daAuts
     D:2: 1173 daAuts
     D:3: 1001 daAuts
     D:4: 11 daAuts
